 Dungeon Crawl Stone Soup version 0.19-a0-262-g5df7875 (webtiles) character file.

4 Duffy the Ruffian (level 1, -1/16 HPs)
             Began as a Minotaur Transmuter on May 25, 2016.
             Slain by a hobgoblin (3 damage)
             ... on level 1 of the Dungeon.
             The game lasted 00:00:08 (15 turns).

Duffy the Ruffian (Minotaur Transmuter)               Turns: 15, Time: 00:00:09

Health: -1/16      AC:  2    Str: 14    XL:     1   Next: 58%
Magic:  1/1        EV: 12    Int: 10    God:
Gold:   0          SH:  0    Dex: 10    Spells: 1 memorised, 1 level left

rFire  . . .     SeeInvis .       - Unarmed
rCold  . . .     Gourm    .     b - +0 robe
rNeg   . . .     Faith    .     (no shield)
rPois  .         Spirit   .     (helmet restricted)
rElec  .         Dismiss  .     (no cloak)
rCorr  .         Reflect  .     (no gloves)
SustAt .         Harm     .     (no boots)
MR     .....                    (no amulet)
Stlth  +.........               (no ring)
                                (no ring)

@: drained, not resistant to hostile enchantments, very unstealthy
A: retaliatory headbutt, horns 2
a: no special abilities


You were on level 1 of the Dungeon.
You were not hungry.

You visited 1 branch of the dungeon, and saw 1 of its levels.


Innate Abilities, Weirdness & Mutations

You reflexively headbutt those who attack you in melee.
You have a pair of horns on your head.


   Skills:
 - Level 1.2(1.1) Fighting
 - Level 2.1(2.0) Dodging
 + Level 3.7(3.5) Unarmed Combat
 - Level 1.3(1.2) Spellcasting
 - Level 1.5(1.4) Transmutations


You had one spell level left.
You knew the following spells:

 Your Spells              Type           Power        Failure   Level  Hunger
a - Beastly Appendage     Tmut           #.....       21%         1    ##.....

Inventory:

Missiles
 a - 12 arrows
Armour
 b - a +0 robe (worn)
Books
 c - a book of Changes
Comestibles
 d - a bread ration

Dungeon Overview and Level Annotations

Branches:
Dungeon (1/15)

Altars:


Message History

As you open the door, it creaks loudly!
You hear a shout! x3
There is an open door here.
A goblin comes into view. It is wielding a dagger of draining.
The goblin shouts!
A hobgoblin opens the door.
A giant gecko, a goblin and a hobgoblin come into view.
There is an open door here.
The goblin hits you with a dagger of draining.
You feel drained. 2 bats come into view.
There is an open door here.
The bat moves out of view.
You hit the goblin.
You kill the goblin!
You closely miss the giant gecko. Your headbutt misses the giant gecko.
The giant gecko bites you.
You barely miss the giant gecko. The giant gecko closely misses you.
The giant gecko barely misses you.
You hit the giant gecko.
The giant gecko is moderately wounded.
The giant gecko bites you.
You barely miss the giant gecko.
The giant gecko is moderately wounded.
The giant gecko bites you.
You are too injured to fight recklessly!
You are too injured to fight recklessly!
You are too injured to fight recklessly!
You are too injured to fight recklessly!
You are too injured to fight recklessly!
You are too injured to fight recklessly!
You are too injured to fight recklessly!
You are too injured to fight recklessly!
You are too injured to fight recklessly!
You are too injured to fight recklessly!
You are too injured to fight recklessly!
You are too injured to fight recklessly!
You are too injured to fight recklessly!
You are too injured to fight recklessly!
You barely miss the giant gecko.
The giant gecko is moderately wounded.
The giant gecko barely misses you. You furiously retaliate!
You headbutt the giant gecko.
You kill the giant gecko!
You swing at nothing.
The bat hits you.
You hit the hobgoblin.
The hobgoblin is lightly wounded.
The bat barely misses you. You furiously retaliate!
You headbutt the bat.
You kill the bat!
The hobgoblin hits you.
You die...

########.#
........###
.........
......#
###.....#
##.##....#...
#...#....'...
+.<%gb..##...
#..@#...#
##.##l..#
###.g..#
....# ....#
l....# ...#


You could see a hobgoblin and a bat.

Action                   || total
-------------------------++-------
Melee: Unarmed           ||     7
Dodge: Dodged            ||     4

Notes
Turn   | Place    | Note
--------------------------------------------------------------
     0 | D:1      | Duffy the Minotaur Transmuter began the quest for the Orb.
     0 | D:1      | Reached XP level 1. HP: 16/16 MP: 1/1
    15 | D:1      | Slain by a hobgoblin

Vault maps used:
D:1:      dpeg_arrival_shelter

Vanquished Creatures
  A giant gecko
  A bat
  A goblin
3 creatures vanquished.
